 Dungeon Crawl Stone Soup version 0.30.1-9-gdf580d7c3d (webtiles) character file.

Game seed: 3670032838278245893

332 lonewolfV2 the Magician (level 6, -2/32 HPs)
             Began as a Deep Elf Fire Elementalist on Sept 27, 2023.
             Slain by Edmund
             ... wielding a +1 flail of protection
              (7 damage)
             ... on level 3 of the Dungeon.
             The game lasted 00:09:37 (5692 turns).

lonewolfV2 the Magician (DEFE)                      Turns: 5692, Time: 00:09:37

Health: -2/32      AC:  3    Str:  5    XL:     6   Next: 26%
Magic:  4/17       EV: 13    Int: 22    God:
Gold:   122        SH:  0    Dex: 15    Spells: 10/17 levels left

rFire   . . .        (no weapon)
rCold   . . .        (no shield)
rNeg    . . .        a - +1 robe
rPois   .            (no helmet)
rElec   .            (no cloak)
rCorr   .            (no gloves)
SInv    .            (no boots)
Will    .....        (no amulet)
Stlth   ++           (no ring)
HPRegen 0.25/turn    (no ring)
MPRegen 0.15/turn

%: no passive effects
@: very slightly contaminated
A: no striking features
a: no special abilities


You were on level 3 of the Dungeon.
You visited 1 branch of the dungeon, and saw 4 of its levels.
You also visited: Sewer.

You collected 122 gold pieces.

Inventory:

Armour
 a - a +1 robe (worn)
Jewellery
 e - a ring of poison resistance
 f - a ring of fire
 i - a +6 ring of strength
Scrolls
 c - a scroll of amnesia
 g - a scroll of teleportation
 h - 2 scrolls of torment
 m - 2 scrolls of fog
 n - a scroll of enchant armour
Potions
 b - a potion of magic
 d - a potion of haste
 j - 3 potions of flight
 k - a potion of curing {unknown}


   Skills:
 + Level 2.8 Dodging
 + Level 3.1 Stealth
 + Level 6.0 Spellcasting
 + Level 2.7 Conjurations
 + Level 5.4 Fire Magic


You had 10 spell levels left.
You knew the following spells:

 Your Spells              Type           Power      Damage    Failure   Level
a - Foxfire               Conj/Fire      96%        2x1d8     1%          1
b - Scorch                Fire           60%        2d8       1%          2
c - Flame Wave            Conj/Fire      24%        2d8       17%         4

Your spell library contained the following spells:

 Spells                   Type           Power      Damage    Failure   Level
 Summon Small Mammal      Summ           24%        N/A       9%          1
 Inner Flame              Hex/Fire       18%        N/A       9%          3
 Volatile Blastmotes      Fire/Tloc      36%        2d13      9%          3
 Sticky Flame             Conj/Fire      24%        2d5       17%         4
 Call Canine Familiar     Summ           6%         N/A       26%         3
 Summon Guardian Golem    Hex/Summ       6%         N/A       26%         3
 Summon Cactus Giant      Summ           3%         N/A       100%        6


Dungeon Overview and Level Annotations

Branches:
Dungeon (4/15)              Sewer (visited)
 Temple: D:4-7

Altars:
Fedhas
Trog

Portals:
Ossuary: D:4

Annotations:
D:3 Edmund


Message History

There is a stone staircase leading up here.
Okay, then.
Casting: Scorch (safe; 1% risk of failure)
Confirm with . or Enter, or press ? or * to list all spells.
The spell is extremely dangerous to miscast (17% risk of failure)!
Continue anyway?
Casting: Flame Wave (extremely dangerous; 17% risk of failure)
Press: ? - help, Dir - look around, f - activate A wave of flame ripples out!
The flame wave engulfs the orc!
You kill the orc!
The flame wave engulfs the orc zombie!
You destroy the orc zombie! (Press . to intensify the flame waves.) Edmund shouts!
The goblin shouts!
You hear a shout!
Casting: Flame Wave (extremely dangerous; 17% risk of failure)
Confirm with . or Enter, or press ? or * to list all spells.
The spell is extremely dangerous to miscast (17% risk of failure)!
Continue anyway?
Restarting spell: Flame Wave (extremely dangerous; 17% risk of failure)
Press: ? - help, Dir - look around, f - activate You miscast Flame Wave.
You are very lightly contaminated with residual magic.
Heat runs through your body.
Casting: Flame Wave (extremely dangerous; 17% risk of failure)
Confirm with . or Enter, or press ? or * to list all spells.
The spell is extremely dangerous to miscast (17% risk of failure)!
Continue anyway?
Casting: Flame Wave (extremely dangerous; 17% risk of failure)
Press: ? - help, Dir - look around, f - activate A wave of flame ripples out!
The flame wave engulfs Edmund.
Edmund is lightly wounded. (Press . to intensify the flame waves.) Edmund grinds his teeth, and then sighs.
Edmund hits you with a +1 flail of protection!
Edmund hits you with a +1 flail of protection!
* * * LOW HITPOINT WARNING * * *
You climb upwards.
There is a stone staircase leading down here.
Casting: Flame Wave (extremely dangerous; 17% risk of failure)
Confirm with . or Enter, or press ? or * to list all spells.
Flames lash Edmund but do no damage.
Edmund hits you with a +1 flail of protection!
You die...

......#[## #.#
#.###########≈≈≈≈≈ .##..##.#
#.# #.........##~~÷..~
.##..##.# #<#
#.#########..≈≈≈≈≈
.##..##.####.###.# #..#####
.##..##..........# #~~≈≈≈≈≈
.##........#.#.#.# ##.~÷~~~
.########...###..# #######
.#.........#####[#
##.######....##.@# ### ##(#
#.##.###@# ##.. ##.#
###...##.#############..# ##.#
##.....##..............## ##.#
####.......#............###
##.###..#..._...##############
)....#.##.......#
)......###.....##
##.#.######...###


You could see Edmund.

Vanquished Creatures
  Pargi (Sewer)
  An orc priest (D:3)
  Crazy Yiuf (D:2)
  2 orc wizards (D:3)
  3 gnolls (D:3)
  3 adders
  A worm (D:3)
  A dart slug (D:2)
  7 orcs
  4 ball pythons
  6 endoplasms
  4 giant cockroaches (D:3)
  6 goblins
  6 hobgoblins
  6 quokkas
  A bat (D:2)
  7 frilled lizards
  6 kobolds
  An orc zombie (D:4)
  2 rats
69 creatures vanquished.

Vanquished Creatures (others)
  121 foxfires
121 creatures vanquished.

Grand Total: 190 creatures vanquished

Notes
Turn   | Place    | Note
-------+----------+-------------------------------------------
     0 | D:1      | lonewolfV2 the Deep Elf Fire Elementalist began the quest
                  | for the Orb.
     0 | D:1      | Reached XP level 1. HP: 10/10 MP: 6/6
   408 | D:1      | Reached XP level 2. HP: 11/15 MP: 4/8
  1525 | D:2      | Learned a level 2 spell: Scorch
  1885 | D:2      | Reached XP level 3. HP: 19/19 MP: 6/9
  2426 | D:2      | Found a runed translucent door.
  2427 | D:2      | Noticed Crazy Yiuf
  2762 | D:2      | Killed Crazy Yiuf
  3062 | D:3      | Found a glowing drain.
  3066 | D:3      | Reached XP level 4. HP: 24/24 MP: 4/11
  3230 | Sewer    | Entered a sewer
  3302 | Sewer    | Noticed Pargi
  3307 | Sewer    | Killed Pargi
  3308 | Sewer    | Reached skill level 4 in Spellcasting
  3308 | Sewer    | Reached XP level 5. HP: 24/28 MP: 4/14
  4050 | D:3      | Reached skill level 5 in Spellcasting
  4063 | D:3      | Reached skill level 5 in Fire Magic
  4387 | D:3      | Found a blossoming altar of Fedhas.
  4404 | D:3      | Identified the +5 dagger "Daanoir" {heavy, Int+2}
  4656 | D:3      | Reached XP level 6. HP: 18/32 MP: 11/16
  4723 | D:3      | Reached skill level 6 in Spellcasting
  5272 | D:3      | Found a bloodstained altar of Trog.
  5344 | D:4      | Found a sand-covered staircase.
  5352 | D:4      | Noticed Edmund
  5685 | D:3      | Learned a level 4 spell: Flame Wave
  5692 | D:3      | Slain by Edmund

Illustrated notes

Levels and vault maps discovered:
D:1:      shiori_arrival_elements, layout_loops_corners, kennysheep_boxes
D:2:      layout_loops_corners, minivault_27, supply_closet_lemuel,
          uniq_crazy_yiuf_cottage
D:3:      layout_loops_ring, fedhas_ov_isle_minmay, lemuel_round_altar,
          gup_sewer_entry_pipe
D:4:      layout_basic, yredelemnul_forgotten_temple_becter, enter_ossuary_3,
          hellmonk_no_cap, uniq_edmund

Skill      XL: |  1  2  3  4  5  6 |
---------------+-------------------+-----
Fire Magic     | 4 5 |  5.4
Conjurations   | 2 |  2.7
Stealth        | 3 |  3.1
Spellcasting   | 4 5 6 |  6.0
Dodging        | |  2.8

Action                     |  1- 3 |  4- 6 || total
---------------------------+-------+-------++-------
  Melee: Unarmed           |     1 |     3 ||     4
         Punch             |       |     1 ||     1
   Cast: Foxfire           |    62 |    48 ||   110
         Scorch            |     8 |    17 ||    25
         Flame Wave        |       |     2 ||     2
    Use: Scroll            |    10 |     4 ||    14
         Potion            |     3 |     3 ||     6
 Armour: Robe              |     2 |    10 ||    12
         Skin              |       |     6 ||     6
  Dodge: Dodged            |    21 |    21 ||    42
